| TOP OF THE 1ST |
|
Johnson City Cardinals batting - Pitching for San Diego (APP) Padres : RHP Sam Barbuto
|
|
Pitching: RHP Sam Barbuto
|
|
|
Batting: SHB Felipe Campanella
|
0-0: Ball 1-0: Fly out, F7 (Flyball, 7LM, EV 84.4 MPH)
|
|
Batting: RHB Jonathan Winkler
|
0-0: Called Strike 0-1: Swinging Strike 0-2: Ball 1-2: Ball 2-2: TRIPLE (Flyball, 78XD, EV 105.0 MPH)
|
|
Batting: SHB J.T. Ready
|
0-0: Called Strike 0-1: Foul Ball, location: 2F 0-2: Ball Wild Pitch! Jonathan Winkler scores 1-2: Foul Ball, location: 2F 1-2: Ball 2-2: Foul Ball, location: 2F 2-2: Strikes out swinging
|
|
Batting: RHB Matt McGuire
|
0-0: Ball 1-0: Called Strike 1-1: Swinging Strike 1-2: Strikes out swinging
|
| Top of the 1st over - 1 run, 1 hit, 0 errors, 0 left on base; Johnson City 1 - San Diego (APP) 0 |
| BOTTOM OF THE 1ST |
|
San Diego (APP) Padres batting - Pitching for Johnson City Cardinals : RHP Mario Machado
|
|
Pitching: RHP Mario Machado
|
|
|
Batting: RHB Alex Collazo
|
0-0: Foul Ball, location: 2F 0-1: SINGLE (Groundball, 34D, EV 97.5 MPH)
|
|
Batting: RHB Norinaga Yamakawakamatsu
|
0-0: Ball Alex Collazo steals 2nd base 1-0: Ball 2-0: Foul Ball, location: 2F 2-1: Fly out, F9 (Flyball, 9, EV 85.0 MPH)
|
|
Batting: LHB Justin Daley
|
0-0: Called Strike 0-1: Called Strike 0-2: Ball 1-2: Fly out, F7 (Flyball, 7S, EV 86.2 MPH)
|
|
Batting: RHB Eric McMillian
|
0-0: Fly out, F9 (Line Drive, 9S, EV 99.4 MPH)
|
| Bottom of the 1st over - 0 runs, 1 hit, 0 errors, 1 left on base; Johnson City 1 - San Diego (APP) 0 |
| TOP OF THE 2ND |
|
Johnson City Cardinals batting - Pitching for San Diego (APP) Padres : RHP Sam Barbuto
|
|
Batting: LHB Pete Mitchell
|
0-0: Ball 1-0: Ball 2-0: Ground out 1-3 (Groundball, 15S, EV 65.0 MPH)
|
|
Batting: SHB Brad Meyer
|
0-0: Ball 1-0: Ball 2-0: Ball 3-0: Called Strike 3-1: Foul Ball, location: 2F 3-2: Strikes out swinging
|
|
Batting: LHB Rafael Banda
|
0-0: Ball 1-0: Ball 2-0: Foul Ball, location: 2F 2-1: Ground out 5-3 (Groundball, 6, EV 89.4 MPH)
|
| Top of the 2nd over - 0 runs, 0 hits, 0 errors, 0 left on base; Johnson City 1 - San Diego (APP) 0 |
| BOTTOM OF THE 2ND |
|
San Diego (APP) Padres batting - Pitching for Johnson City Cardinals : RHP Mario Machado
|
|
Batting: RHB Ken Hahn
|
0-0: Called Strike 0-1: Foul Ball, location: 2F 0-2: Foul Ball, location: 2F 0-2: Ball 1-2: Strikes out looking
|
|
Batting: RHB Brian Klinkner
|
0-0: Ball 1-0: Called Strike 1-1: Foul Ball, location: 2F 1-2: Strikes out swinging
|
|
Batting: RHB Ed Oake
|
0-0: Ball 1-0: Ball 2-0: Foul Ball, location: 2F 2-1: Ball 3-1: Reached on error, E6 (Groundball, 6, EV 83.8 MPH)
|
|
Batting: RHB Brian DeVoe
|
0-0: Called Strike 0-1: Foul Ball, location: 2F 0-2: Ball 1-2: Foul Ball, location: 2F 1-2: Strikes out looking
|
| Bottom of the 2nd over - 0 runs, 0 hits, 1 error, 1 left on base; Johnson City 1 - San Diego (APP) 0 |
| TOP OF THE 3RD |
|
Johnson City Cardinals batting - Pitching for San Diego (APP) Padres : RHP Sam Barbuto
|
|
Batting: RHB Diego Herrera
|
0-0: Ball 1-0: Foul Ball, location: 2F 1-1: Ground out 5-3 (Groundball, 5S, EV 75.6 MPH)
|
|
Batting: RHB Seung-kab Park
|
0-0: Called Strike 0-1: Foul Ball, location: 2F 0-2: Strikes out looking
|
|
Batting: SHB Felipe Campanella
|
0-0: Ball 1-0: Foul Ball, location: 2F 1-1: Ball 2-1: Fly out, F7 (Line Drive, 78M, EV 86.2 MPH)
|
| Top of the 3rd over - 0 runs, 0 hits, 0 errors, 0 left on base; Johnson City 1 - San Diego (APP) 0 |
| BOTTOM OF THE 3RD |
|
San Diego (APP) Padres batting - Pitching for Johnson City Cardinals : RHP Mario Machado
|
|
Batting: LHB Gary Corrales
|
0-0: Ball 1-0: Called Strike 1-1: Called Strike 1-2: Fly out, F7 (Flyball, 78D, EV 101.9 MPH)
|
|
Batting: RHB Alex Collazo
|
0-0: Ball 1-0: Foul Ball, location: 2F 1-1: Ball 2-1: SINGLE (Groundball, 5S, EV 68.8 MPH) (infield hit)
|
|
Batting: RHB Norinaga Yamakawakamatsu
|
0-0: Ball 1-0: Ball 2-0: Called Strike 2-1: SINGLE (Flyball, 9LS, EV 91.9 MPH) Alex Collazo to second
|
|
Batting: LHB Justin Daley
|
0-0: Ball 1-0: 3-RUN HOME RUN (Flyball, 8LXD, EV 117.5 MPH), Distance : 472 ft
|
|
Batting: RHB Eric McMillian
|
0-0: Ball 1-0: Ball 2-0: Called Strike 2-1: Ball 3-1: Fly out, F8 (Flyball, 8LM, EV 89.4 MPH)
|
|
Batting: RHB Ken Hahn
|
0-0: Ball 1-0: Ball 2-0: Called Strike 2-1: Foul Ball, location: 2F 2-2: Ball 3-2: Foul Ball, location: 2F 3-2: Strikes out swinging
|
| Bottom of the 3rd over - 3 runs, 3 hits, 0 errors, 0 left on base; Johnson City 1 - San Diego (APP) 3 |
| TOP OF THE 4TH |
|
Johnson City Cardinals batting - Pitching for San Diego (APP) Padres : RHP Sam Barbuto
|
|
Batting: RHB Jonathan Winkler
|
0-0: Ball 1-0: Ball 2-0: Called Strike 2-1: Ball 3-1: Base on Balls
|
|
Batting: SHB J.T. Ready
|
0-0: Called Strike 0-1: Ball 1-1: Ball 2-1: Ball 3-1: Foul Ball, location: 2F 3-2: Foul Ball, location: 2F 3-2: Fly out, F7 (Flyball, 7, EV 82.5 MPH)
|
|
Batting: RHB Matt McGuire
|
0-0: Ball 1-0: Fly out, F9 (Flyball, 89M, EV 84.4 MPH)
|
|
Batting: LHB Pete Mitchell
|
0-0: Ball 1-0: Ball 2-0: Ball 3-0: Base on Balls Jonathan Winkler to second
|
|
Batting: SHB Brad Meyer
|
0-0: Called Strike 0-1: 3-RUN HOME RUN (Line Drive, 9D, EV 98.8 MPH), Distance : 407 ft
|
|
Batting: LHB Rafael Banda
|
0-0: Called Strike 0-1: Ball 1-1: Called Strike 1-2: Strikes out swinging
|
| Top of the 4th over - 3 runs, 1 hit, 0 errors, 0 left on base; Johnson City 4 - San Diego (APP) 3 |
| BOTTOM OF THE 4TH |
|
San Diego (APP) Padres batting - Pitching for Johnson City Cardinals : RHP Mario Machado
|
|
Batting: RHB Brian Klinkner
|
0-0: Ball 1-0: SOLO HOME RUN (Flyball, 9D, EV 96.9 MPH), Distance : 380 ft
|
|
Batting: RHB Ed Oake
|
0-0: Swinging Strike 0-1: Ball 1-1: Ground out 5-3 (Groundball, 56, EV 93.8 MPH)
|
|
Batting: RHB Brian DeVoe
|
0-0: Called Strike 0-1: Foul Ball, location: 2F 0-2: Ball 1-2: Ball 2-2: Foul Ball, location: 2F 2-2: Ground out 4-3 (Groundball, 4, EV 103.1 MPH)
|
|
Batting: LHB Gary Corrales
|
0-0: Ball 1-0: Ball 2-0: Ball 3-0: Called Strike 3-1: DOUBLE (Line Drive, 3D, EV 103.8 MPH)
|
|
Batting: RHB Alex Collazo
|
0-0: Ball 1-0: TRIPLE (Groundball, 3L, EV 109.4 MPH) Gary Corrales scores
|
|
Batting: RHB Norinaga Yamakawakamatsu
|
0-0: Ball 1-0: Ground out 4-3 (Groundball, 4, EV 87.5 MPH)
|
| Bottom of the 4th over - 2 runs, 3 hits, 0 errors, 1 left on base; Johnson City 4 - San Diego (APP) 5 |
| TOP OF THE 5TH |
|
Johnson City Cardinals batting - Pitching for San Diego (APP) Padres : RHP Sam Barbuto
|
|
Batting: RHB Diego Herrera
|
0-0: Called Strike 0-1: Foul Ball, location: 2F 0-2: Ground out 6-3 (Groundball, 6, EV 81.2 MPH)
|
|
Batting: RHB Seung-kab Park
|
0-0: Ball 1-0: Ground out 4-3 (Groundball, 4, EV 82.5 MPH)
|
|
Batting: SHB Felipe Campanella
|
0-0: Ball 1-0: SINGLE (Groundball, P, EV 75.6 MPH) (infield hit)
|
|
Batting: RHB Jonathan Winkler
|
0-0: Foul Ball, location: 2F 0-1: Ball Felipe Campanella is caught stealing 2nd base 2-4
|
| Top of the 5th over - 0 runs, 1 hit, 0 errors, 0 left on base; Johnson City 4 - San Diego (APP) 5 |
| BOTTOM OF THE 5TH |
|
San Diego (APP) Padres batting - Pitching for Johnson City Cardinals : RHP Mario Machado
|
|
Batting: LHB Justin Daley
|
0-0: Called Strike 0-1: Ball 1-1: Swinging Strike 1-2: Ball 2-2: Ball 3-2: Foul Ball, location: 2F 3-2: Base on Balls
|
|
Pitching: LHP David Salas
|
|
|
Batting: RHB Eric McMillian
|
0-0: Ball 1-0: Foul Ball, location: 2F 1-1: Foul Ball, location: 2F 1-2: Fly out, F8 (Flyball, 8RD, EV 86.9 MPH)
|
|
Batting: RHB Ken Hahn
|
0-0: Called Strike 0-1: Ball 1-1: Ball 2-1: Called Strike 2-2: Strikes out swinging
|
|
Batting: RHB Brian Klinkner
|
0-0: Swinging Strike 0-1: Foul Ball, location: 2F 0-2: Ball 1-2: Strikes out looking
|
| Bottom of the 5th over - 0 runs, 0 hits, 0 errors, 1 left on base; Johnson City 4 - San Diego (APP) 5 |
| TOP OF THE 6TH |
|
Johnson City Cardinals batting - Pitching for San Diego (APP) Padres : RHP Sam Barbuto
|
|
Batting: RHB Jonathan Winkler
|
0-0: Ball 1-0: Ball 2-0: Ball 3-0: Base on Balls
|
|
Batting: SHB J.T. Ready
|
0-0: Called Strike 0-1: Called Strike 0-2: Strikes out swinging
|
|
Batting: RHB Matt McGuire
|
0-0: Fielders Choice at 2nd, 2-4 (Groundball, 2L, EV 68.8 MPH)
|
|
Batting: LHB Pete Mitchell
|
0-0: Called Strike 0-1: Foul Ball, location: 2F 0-2: Strikes out swinging
|
| Top of the 6th over - 0 runs, 0 hits, 0 errors, 1 left on base; Johnson City 4 - San Diego (APP) 5 |
| BOTTOM OF THE 6TH |
|
San Diego (APP) Padres batting - Pitching for Johnson City Cardinals : LHP David Salas
|
|
Batting: RHB Ed Oake
|
0-0: Called Strike 0-1: Foul Ball, location: 2F 0-2: SINGLE (Groundball, 4MD, EV 95.0 MPH)
|
|
Batting: RHB Brian DeVoe
|
0-0: Fielders Choice at 2nd, 5-4 (Groundball, 56, EV 84.4 MPH)
|
|
Batting: LHB Gary Corrales
|
0-0: Ball 1-0: Ball 2-0: Called Strike 2-1: Foul Ball, location: 2F 2-2: Strikes out looking
|
|
Batting: RHB Alex Collazo
|
0-0: Foul Ball, location: 2F 0-1: Ball 1-1: Foul Ball, location: 2F 1-2: Foul Ball, location: 2F 1-2: Ball 2-2: Foul Ball, location: 2F 2-2: Strikes out looking
|
| Bottom of the 6th over - 0 runs, 1 hit, 0 errors, 1 left on base; Johnson City 4 - San Diego (APP) 5 |
| TOP OF THE 7TH |
|
Johnson City Cardinals batting - Pitching for San Diego (APP) Padres : RHP Sam Barbuto
|
|
Pitching: LHP Ricardo de la Torre
|
|
|
Batting: SHB Brad Meyer
|
0-0: Foul Ball, location: 2F 0-1: Ball 1-1: Fly out, F9 (Flyball, 9D, EV 86.9 MPH)
|
|
Pinch Hitting: RHB Dan Wages
|
0-0: Called Strike 0-1: Ball 1-1: Called Strike 1-2: Ball 2-2: Foul Ball, location: 2F 2-2: Ball 3-2: Strikes out swinging
|
|
Batting: RHB Diego Herrera
|
0-0: Called Strike 0-1: Foul Ball, location: 2F 0-2: Strikes out swinging
|
| Top of the 7th over - 0 runs, 0 hits, 0 errors, 0 left on base; Johnson City 4 - San Diego (APP) 5 |
| BOTTOM OF THE 7TH |
|
San Diego (APP) Padres batting - Pitching for Johnson City Cardinals : LHP David Salas
|
|
Now at 2B: Dan Wages
|
|
|
Now in LF: Jonathan Winkler
|
|
|
Batting: RHB Norinaga Yamakawakamatsu
|
0-0: Swinging Strike 0-1: Ball 1-1: Ball 2-1: Foul Ball, location: 2F 2-2: Foul Ball, location: 2F 2-2: Strikes out looking
|
|
Batting: LHB Justin Daley
|
0-0: Ball 1-0: Swinging Strike 1-1: Ball 2-1: Fly out, F9 (Flyball, 9, EV 92.5 MPH)
|
|
Batting: RHB Eric McMillian
|
0-0: Ground out 6-3 (Groundball, 6, EV 80.6 MPH)
|
| Bottom of the 7th over - 0 runs, 0 hits, 0 errors, 0 left on base; Johnson City 4 - San Diego (APP) 5 |
| TOP OF THE 8TH |
|
Johnson City Cardinals batting - Pitching for San Diego (APP) Padres : LHP Ricardo de la Torre
|
|
Batting: RHB Seung-kab Park
|
0-0: Called Strike 0-1: Ball 1-1: Ball 2-1: Called Strike 2-2: Ball 3-2: Foul Ball, location: 2F 3-2: Strikes out swinging
|
|
Batting: SHB Felipe Campanella
|
0-0: Fly out, F4 (Line Drive, 34, EV 66.2 MPH)
|
|
Batting: RHB Jonathan Winkler
|
0-0: Ball 1-0: Ball 2-0: Ball 3-0: Called Strike 3-1: Ground out 1-3 (Groundball, 15S, EV 70.0 MPH)
|
| Top of the 8th over - 0 runs, 0 hits, 0 errors, 0 left on base; Johnson City 4 - San Diego (APP) 5 |
| BOTTOM OF THE 8TH |
|
San Diego (APP) Padres batting - Pitching for Johnson City Cardinals : LHP David Salas
|
|
Batting: RHB Ken Hahn
|
0-0: Ball 1-0: Ball 2-0: Ball 3-0: Base on Balls
|
|
Batting: RHB Brian Klinkner
|
0-0: Swinging Strike 0-1: Ball 1-1: Called Strike 1-2: Strikes out swinging
|
|
Batting: RHB Ed Oake
|
0-0: Foul Ball, location: 2F 0-1: Ball 1-1: Called Strike 1-2: Foul Ball, location: 2F 1-2: Strikes out swinging
|
|
Pitching: LHP John Grinter
|
|
|
Batting: RHB Brian DeVoe
|
0-0: Called Strike 0-1: Called Strike 0-2: Foul Ball, location: 2F 0-2: Strikes out swinging
|
| Bottom of the 8th over - 0 runs, 0 hits, 0 errors, 1 left on base; Johnson City 4 - San Diego (APP) 5 |
| TOP OF THE 9TH |
|
Johnson City Cardinals batting - Pitching for San Diego (APP) Padres : LHP Ricardo de la Torre
|
|
Pitching: RHP Eric Busby
|
|
|
Now at 1B: Ricardo Ortiz
|
|
|
Now at 2B: Max Stillo
|
|
|
Now in CF: Antonio Martinez
|
|
|
Batting: SHB J.T. Ready
|
0-0: Ball 1-0: Foul Ball, location: 2F 1-1: Called Strike 1-2: Strikes out swinging
|
|
Pinch Hitting: SHB Steve Langlois
|
0-0: Ball 1-0: Called Strike 1-1: Swinging Strike 1-2: Fly out, F9 (Flyball, 9, EV 96.9 MPH)
|
|
Batting: LHB Pete Mitchell
|
0-0: Foul Ball, location: 2F 0-1: Ball 1-1: Ball 2-1: Swinging Strike 2-2: Ball 3-2: Ground out 6-3 (Groundball, 6S, EV 89.4 MPH)
|
| Top of the 9th over - 0 runs, 0 hits, 0 errors, 0 left on base; Johnson City 4 - San Diego (APP) 5 |
|